 Dungeon Crawl Stone Soup version 0.21.1-1-g345015f (webtiles) character file.

216 Mesmaeker13 the Poker (level 5, -9/42 HPs)
             Began as a Demigod Wanderer on May 12, 2018.
             Mangled by an ogre
             ... wielding a +0 giant spiked club
              (22 damage)
             ... on level 4 of the Dungeon.
             The game lasted 00:04:33 (4453 turns).

Mesmaeker13 the Poker (Demigod Wanderer)            Turns: 4453, Time: 00:04:34

Health: -9/42      AC:  8    Str: 15    XL:     5   Next: 34%
Magic:  11/11      EV:  6    Int: 17    God:
Gold:   114        SH:  0    Dex: 16    Spells: 9/9 levels left

rFire    + . .     SeeInvis .   a - +2 spear
rCold    . . .     Gourm    .   (no shield)
rNeg     . . .     Faith    .   i - +0 chain mail
rPois    .         Spirit   .   (no helmet)
rElec    .         Reflect  .   (no cloak)
rCorr    .         Harm     .   (no gloves)
MR       .....                  (no boots)
Stlth    ..........             (no amulet)
HPRegen  0.14/turn              o - ring of protection from fire
MPRegen  0.12/turn              (no ring)

@: no status effects
A: high mp 1
a: no special abilities


You were on level 4 of the Dungeon.
You were hungry.

You visited 1 branch of the dungeon, and saw 4 of its levels.

You collected 114 gold pieces.

Inventory:

Hand Weapons
 a - a +2 spear (weapon)
 g - a +0 glaive
 j - a -2 blowgun
Missiles
 e - 28 poisoned needles
Armour
 i - a +0 chain mail (worn)
Jewellery
 o - a ring of protection from fire (left hand)
Scrolls
 n - a scroll of enchant armour
Potions
 h - 2 potions of lignification {unknown}
 k - a potion of brilliance {unknown}
 l - 4 potions of agility
 m - a potion of ambrosia {unknown}
Books
 b - the Papyrus of Fire

   Spells                             Type                      Level
   a - Flame Tongue                   Conjuration/Fire             1
   b - Ignite Poison                  Fire/Transmutation/Poison    3
Comestibles
 f - 7 rations


   Skills:
 + Level 2.6 Fighting
 + Level 4.0 Polearms
 + Level 2.7 Armour
 - Level 1.0 Stealth
 - Level 2.6 Spellcasting
   Level 1.7 Summonings
   Level 1.0 Evocations


You had 9 spell levels left.
You didn't know any spells.

Dungeon Overview and Level Annotations

Branches:
Dungeon (4/15)
 Temple: D:4-7


Innate Abilities, Weirdness & Mutations

You have an increased reservoir of magic. (+10% MP)


Message History

l - 4 potions of agility (gained 2)
An ogre comes into view. It is wielding a giant spiked club.
An ogre is nearby!
The ogre hits you with a giant spiked club.
You barely miss the ogre. The worm completely misses you.
You hit the ogre.
The ogre is lightly wounded.
The ogre hits you with a giant spiked club!
You hit the ogre.
The ogre is moderately wounded.
The worm barely misses you.
The ogre hits you with a giant spiked club!!
* * * LOW HITPOINT WARNING * * *
You hit the ogre.
The ogre is moderately wounded.
You hit the ogre.
The ogre is moderately wounded.
The ogre hits you with a giant spiked club!!
Ouch! That really hurt!
You die...

..# #.#.......# ...
#.# #.#.##.##.# ..#
#.# #.#.##.##.# ..#
#.# #.........# ..#
#.# ###.##.#..# ..#
#.# #.##.#..# ?.#
#.#### #.<.....#
..####....######w#.##
...........#####@#.#
..............##O#.#
...........#.......#
..####........(..###
.......#####..####
.#####.# .....# .#
#.##....... .#
#.##.....### .#
#........#


You could see an ogre and a worm.

Vanquished Creatures
  A scorpion (D:3)
  Jessica (D:3)
  3 gnolls
  4 adders
  An ooze (D:2)
  A worm (D:2)
  3 dart slugs (D:1)
  2 leopard geckos (D:3)
  3 giant cockroaches
  4 goblins
  8 hobgoblins
  5 jackals
  7 kobolds
  8 bats
  7 frilled lizards
  8 rats
66 creatures vanquished.

Notes
Turn   | Place    | Note
-------+----------+-------------------------------------------
     0 | D:1      | Mesmaeker13 the Demigod Wanderer began the quest for the Orb.
     0 | D:1      | Mesmaeker13 set off with: a +2 spear, the Papyrus of Fire, a potion of curing, a +0 robe, a ration
     0 | D:1      | Reached XP level 1. HP: 14/14 MP: 6/6
     0 | D:1      | Identified the Papyrus of Fire
   369 | D:1      | Reached skill level 3 in Polearms
   369 | D:1      | Reached XP level 2. HP: 18/22 MP: 8/8
   474 | D:1      | Reached skill level 1 in Armour
   672 | D:1      | Reached skill level 1 in Fighting
  1266 | D:1      | Reached XP level 3. HP: 27/28 MP: 9/9
  1672 | D:2      | Found a hazy altar of Hepliaklqana.
  1891 | D:2      | Found an ornate altar of the Wu Jian Council.
  2259 | D:2      | Reached XP level 4. HP: 32/36 MP: 10/10
  2941 | D:3      | Found a shadowy altar of Dithmenos.
  2944 | D:3      | Noticed Jessica
  2946 | D:3      | Killed Jessica
  3242 | D:3      | Found an opulent altar of Gozag.
  3255 | D:3      | Reached XP level 5. HP: 35/42 MP: 11/11
  3743 | D:4      | Found a hide-covered altar of Uskayaw.
  3745 | D:4      | Found a sacrificial altar of Ru.
  4099 | D:3      | Reached skill level 4 in Polearms
  4418 | D:4      | Noticed an ogre
  4453 | D:4      | Mangled by an ogre

Skill      XL: |  1  2  3  4  5 |
---------------+----------------+-----
Polearms       | 3 4 |  4.0
Armour         | 1 2 |  2.7
Fighting       | 1 2 |  2.6
Stealth        | |  1.0
Spellcasting   | |  2.6
Summonings     | |  1.7
Evocations     | |  1.0

Action                   |  1- 3 |  4- 6 || total
-------------------------+-------+-------++-------
Melee: Spear             |   177 |    69 ||   246
 Fire: Blowgun           |       |     8 ||     8
  Use: Scroll            |     3 |     2 ||     5
       Potion            |       |     2 ||     2
 Stab: Sleeping          |     2 |       ||     2
  Eat: Chunk             |     4 |     3 ||     7
       Ration            |       |     1 ||     1
Armor: Robe              |     1 |       ||     1
       Chain mail        |    66 |    26 ||    92
Dodge: Dodged            |    48 |    23 ||    71
